 Dungeon Sprint DCSS version 0.17-a0-2127-g1cb09f6 (webtiles) character file.

9429 esc the Fighter (level 11, -2/98 HPs)
             Began as a Demonspawn Gladiator on Oct 22, 2015.
             Was the Champion of Okawaru.
             Slain by an orc warrior
             ... wielding a +0 glaive
              (25 damage)
             ... in the Dungeon (Sprint IX: "|||||||||||||||||||||||||||||").
             The game lasted 00:10:09 (1538 turns).

esc the Fighter (Demonspawn Gladiator)              Turns: 1538, Time: 00:10:10

Health: -2/98      AC: 19    Str: 16    XL:     11   Next: 22%
Magic:  19/19      EV: 18    Int:  9    God:    Okawaru [******]
Gold:   658        SH:  0    Dex: 22    Spells: 0 memorised, 10 levels left

rFire  . . .     SeeInvis .     l - +4 glaive (freeze)
rCold  . . .     Clarity  .     u - +1 chain mail
rNeg   . . .     SustAt   .     (no shield)
rPois  .         Gourm    .     c - +0 helmet
rElec  .         Spirit   .     C - +0 cloak
rCorr  .         Warding  .     q - +0 pair of gloves
rMut   .         NoTele   +     D - +0 pair of boots
MR     .....                    (no amulet)
Stlth  ..........               t - +2 ring of evasion
                                s - +3 ring of dexterity

@: not resistant to hostile enchantments, extremely unstealthy
A: claws 1, thin skeletal structure 1, foul stench 1, powered by pain 1, rot
immunity
a: Heroism, Finesse, Renounce Religion


You were in the Dungeon.
You worshipped Okawaru.
Okawaru was exalted by your worship.
You were not hungry.

You visited 1 branch You collected 658 gold pieces.

Inventory:

Hand Weapons
 b - a +2 halberd of protection
   (You found it in the Dungeon)
 l - a +4 glaive of freezing (weapon)
   (Okawaru gifted it to you in the Dungeon)
Missiles
 d - 3 throwing nets {=f, !d}
 y - 7 curare-tipped needles
Armour
 c - a +0 helmet (worn)
 q - a +0 pair of gloves (worn)
   (You found it in the Dungeon)
 u - a +1 chain mail (worn)
   (You found it in the Dungeon)
 C - a +0 cloak (worn)
   (You found it in the Dungeon)
 D - a +0 pair of boots (worn)
   (You found it in the Dungeon)
Jewellery
 s - a +3 ring of dexterity (left hand)
   (You found it in the Dungeon)
 t - a +2 ring of evasion (right hand)
   (You found it in the Dungeon)
Scrolls
 k - 3 scrolls of blinking {!r}
 m - 4 scrolls of remove curse
 n - 2 scrolls of amnesia
 r - a scroll of recharging
 v - a scroll of fear
 w - 4 scrolls of enchant weapon
 x - 2 scrolls of enchant armour
Potions
 a - 2 potions of brilliance
 f - 6 potions of curing
 g - 4 potions of heal wounds
 h - 2 potions of haste
 i - 4 potions of magic
 j - a potion of invisibility
Miscellaneous
 o - a plain deck of escape
   (You found it in the Dungeon)
Comestibles
 e - 13 bread rations {@e1}
 p - 13 chunks of flesh {@w0}
 A - 40 fruits
 B - 12 meat rations {@e2}


   Skills:
 + Level 13.4 Fighting
 + Level 12.5 Polearms
 - Level 1.7 Throwing
 + Level 11.8 Armour
 + Level 12.6 Dodging
 - Level 10.8 Invocations


You had 10 spell levels left.
You didn't know any spells.

Dungeon Overview and Level Annotations

Branches:
Dungeon (1/1)

Altars:
Cheibriados
Dithmenos
Elyvilon
Fedhas
Gozag
Kikubaaqudgha
Makhleb
Nemelex Xobeh
Okawaru
Qazlal
Ru
Sif Muna
Trog
Vehumet
Xom
Yredelemnul
Zin
The Shining One
Beogh
Jiyva
Lugonu

Annotations:
D Maurice


Innate Abilities, Weirdness & Mutations

You have sharp fingernails.
You have a somewhat thin skeletal structure (Dex +2, Stealth).
You may emit foul miasma when damaged in melee.
You sometimes gain a little power by taking damage.
You are immune to rotting.


Message History

The orc knight closely misses you.
You slash the orc knight! You freeze the orc knight.
An orc knight comes into view. It is wielding a dire flail.
You closely miss the orc knight.
The orc knight shouts!
The orc knight misses you.
You barely miss the orc knight.
The orc knight hits you with a great sword.
The orc knight looks sick.
You take 4 damage, and have 60/98 hp.
You slice the orc knight!! You freeze the orc knight!
You kill the orc knight!
Okawaru is honoured by your kill.
The orc knight roars a battlecry!
You slash the orc warrior! You freeze the orc warrior.
The orc warrior hits you with a vampiric long sword!
The orc warrior draws strength from your injuries!
The orc warrior completely misses you.
You take 10 damage, and have 50/98 hp.
You closely miss the orc warrior.
The orc warrior hits you but does no damage.
You hit the orc warrior. You freeze the orc warrior.
The orc warrior hits you but does no damage.
You slice the orc warrior!! You freeze the orc warrior.
You kill the orc warrior!
Okawaru accepts your kill.
The orc warrior hits you but does no damage.
The orc knight roars a battlecry!
The orc warrior goes into a battle-frenzy!
Attack whom?
Aim: an orc warrior, wielding a glaive and wearing a chain mail (consumed by blood-lust)
You reach to attack!
You closely miss the orc warrior.
The orc warrior sings a few bars from the Orcish anthem.
The orc warrior barely misses you.
An orc warrior comes into view. It is wielding a halberd.
Attack whom?
Aim: an orc warrior, wielding a glaive and wearing a chain mail You reach to attack!
You barely miss the orc warrior.
The orc warrior shouts!
Attack whom?
Aim: an orc warrior, wielding a glaive and wearing a chain mail You reach to attack!
You slash the orc warrior! You freeze the orc warrior.
The orc warrior misses you.
The orc knight roars a battlecry!
The orcs go into a battle-frenzy!
Attack whom?
Aim: an orc warrior, wielding a glaive and wearing a chain mail (heavily wounded, consumed by blood-lust)
You reach to attack!
You slash the orc warrior! You freeze the orc warrior.
The orc warrior misses you.
The orc knight roars a battlecry!
The orc warrior goes into a battle-frenzy!
Attack whom?
Aim: an orc warrior, wielding a glaive and wearing a chain mail (almost dead, consumed by blood-lust)
You reach to attack!
You closely miss the orc warrior. The orc warrior misses you.
Attack whom?
Aim: an orc warrior, wielding a glaive and wearing a chain mail (almost dead, consumed by blood-lust)
You reach to attack!
You hit the orc warrior. You freeze the orc warrior.
You kill the orc warrior!
Okawaru accepts your kill.
Attack whom?
Aim: an orc knight, wielding a dire flail and wearing a chain mail You reach to attack!
You hit the orc knight but do no damage.
The orc knight roars a battlecry!
The orc warrior goes into a battle-frenzy!
You slash the orc knight! You freeze the orc knight.
The orc knight hits you with a dire flail.
The orc knight looks sick.
You take 5 damage, and have 48/98 hp.
You slice the orc knight!! You freeze the orc knight!
The orc knight hits you with a dire flail.
You take 3 damage, and have 45/98 hp.
You slash the orc knight! You freeze the orc knight.
The orc knight hits you with a dire flail!!
* * * LOW HITPOINT WARNING * * *
You take 20 damage, and have 25/98 hp.
MASSIVE DAMAGE!!
You are too injured to fight recklessly!
You are too injured to fight recklessly!
Attack whom?
Aim: an orc knight, wielding a dire flail and wearing a chain mail (almost dead, sick)
You slash the orc knight! You freeze the orc knight.
The orc knight hits you with a dire flail.
* * * LOW HITPOINT WARNING * * *
You take 3 damage, and have 22/98 hp.
Attack whom?
Aim: an orc knight, wielding a dire flail and wearing a chain mail (almost dead, sick)
You closely miss the orc knight. The orc knight misses you.
Attack whom?
Aim: an orc knight, wielding a dire flail and wearing a chain mail (almost dead, sick)
You slash the orc knight! You freeze the orc knight.
You kill the orc knight!
Okawaru accepts your kill.
Attack whom?
Aim: an orc warrior, wielding a hand axe and wearing a chain mail You slash the orc warrior!
You freeze the orc warrior.
The orc warrior hits you but does no damage.
The orc warrior hits you from afar with a glaive!!
You die...

(...'_____________________'....['
▓▓▓▓▓▓▓▓▓▓▓▓▓▓▓▓▓▓▓▓▓▓▓▓▓▓▓▓▓▓▓▓▓
.................................
▓▓▓▓▓▓▓▓▓▓▓▓▓▓▓▓▓▓▓▓▓▓▓▓▓▓▓▓▓▓▓▓▓
..'.÷.......%.........'.......(..
▓▓▓▓▓▓▓▓▓▓▓▓▓▓▓▓▓▓▓▓▓▓▓▓▓▓▓▓▓▓▓▓▓
.................................
▓▓▓▓▓▓▓▓▓▓▓▓▓▓▓▓▓▓▓▓▓▓▓▓▓▓▓▓▓▓▓▓▓
.$$oooo@......).....)[..
▓▓▓▓▓▓▓▓▓▓▓▓▓▓▓▓▓▓▓▓▓▓▓▓


You could see 3 orc warriors and an orc (frenzied).

Vanquished Creatures
  A dire elephant (D)
  A hydra (D)
  Erolcha (D)
  2 orc knights (D)
  An ugly thing (D)
  7 elephants (D)
  A manticore (D)
  A spiny frog (D)
  A troll (D)
  A blink frog (D)
  A yak (D)
  A basilisk (D)
  A hippogriff (D)
  6 orc warriors (D)
  2 porcupines (D)
  7 water moccasins (D)
  2 crocodiles (D)
  A giant frog (D)
  A scorpion (D)
  2 killer bees (D)
  A crimson imp (D)
  A hound (D)
  3 orc wizards (D)
  3 orc priests (D)
  A sheep (D)
  An adder (D)
  An adder zombie (D)
  9 orcs (D)
  A ball python (D)
  A bat skeleton (D)
  A giant cockroach (D)
  A goblin (D)
  2 hobgoblins (D)
  A kobold (D)
  A giant cockroach zombie (D)
  A giant newt (D)
70 creatures vanquished.

Notes
Turn   | Place    | Note
--------------------------------------------------------------
     0 | D        | esc the Demonspawn Gladiator began the quest for the Orb.
     0 | D        | Reached XP level 1. HP: 16/16 MP: 1/1
    11 | D        | Reached skill level 3 in Polearms
    11 | D        | Reached skill level 3 in Dodging
    59 | D        | Noticed a crimson imp
    62 | D        | Reached skill level 3 in Fighting
    62 | D        | Gained mutation: You are immune to rotting. [demonic ancestry]
    62 | D        | Reached XP level 2. HP: 21/24 MP: 2/2
    67 | D        | Killed a crimson imp
    67 | D        | Reached skill level 4 in Fighting
    67 | D        | Reached skill level 4 in Polearms
    67 | D        | Reached skill level 4 in Dodging
    67 | D        | Reached XP level 3. HP: 30/30 MP: 3/3
    86 | D        | Found a glowing silver altar of Zin.
    86 | D        | Found a glowing golden altar of the Shining One.
    86 | D        | Found an ancient bone altar of Kikubaaqudgha.
    86 | D        | Found a basalt altar of Yredelemnul.
    86 | D        | Found a shimmering altar of Xom.
    86 | D        | Found a radiant altar of Vehumet.
    87 | D        | Found an iron altar of Okawaru.
    88 | D        | Found a burning altar of Makhleb.
    89 | D        | Found a deep blue altar of Sif Muna.
    90 | D        | Found a bloodstained altar of Trog.
    91 | D        | Found a sparkling altar of Nemelex Xobeh.
    92 | D        | Found a white marble altar of Elyvilon.
    93 | D        | Found a roughly hewn altar of Beogh.
    94 | D        | Found a viscous altar of Jiyva.
    95 | D        | Found a corrupted altar of Lugonu.
    97 | D        | Became a worshipper of Warmaster Okawaru
    99 | D        | Found a blossoming altar of Fedhas.
   100 | D        | Found a snail-covered altar of Cheibriados.
   101 | D        | Found a shadowy altar of Dithmenos.
   102 | D        | Found a stormy altar of Qazlal.
   103 | D        | Found an opulent altar of Gozag.
   104 | D        | Found a sacrificial altar of Ru.
   197 | D        | Noticed a troll
   197 | D        | Noticed a killer bee
   197 | D        | Noticed a hippogriff
   197 | D        | Noticed a hound
   197 | D        | Noticed a scorpion
   199 | D        | Killed a scorpion
   199 | D        | Reached skill level 5 in Fighting
   199 | D        | Reached skill level 5 in Polearms
   199 | D        | Reached skill level 1 in Armour
   199 | D        | Reached skill level 5 in Dodging
   199 | D        | Reached skill level 2 in Invocations
   199 | D        | Reached XP level 4. HP: 36/39 MP: 3/6
   201 | D        | Killed a hound
   201 | D        | Reached skill level 2 in Armour
   201 | D        | Reached skill level 3 in Invocations
   216 | D        | Killed a hippogriff
   216 | D        | Reached * piety under Okawaru
   216 | D        | Reached skill level 6 in Fighting
   216 | D        | Reached skill level 6 in Polearms
   216 | D        | Reached skill level 3 in Armour
   216 | D        | Reached skill level 6 in Dodging
   216 | D        | Reached skill level 5 in Invocations
   216 | D        | Reached XP level 5. HP: 29/47 MP: 5/9
   218 | D        | Killed a killer bee
   218 | D        | Reached skill level 4 in Armour
   218 | D        | Reached skill level 6 in Invocations
   218 | D        | Reached XP level 6. HP: 25/53 MP: 3/10
   222 | D        | HP: 8/53 [troll (14)]
   225 | D        | Killed a troll
   225 | D        | Reached ** piety under Okawaru
   225 | D        | Reached skill level 7 in Fighting
   225 | D        | Reached skill level 7 in Polearms
   225 | D        | Reached skill level 5 in Armour
   225 | D        | Reached skill level 7 in Dodging
   225 | D        | Reached skill level 7 in Invocations
   490 | D        | Noticed a manticore
   490 | D        | Noticed a purple ugly thing
   490 | D        | Noticed a killer bee
   503 | D        | Killed a purple ugly thing
   503 | D        | Reached skill level 8 in Fighting
   503 | D        | Reached skill level 6 in Armour
   503 | D        | Reached skill level 8 in Dodging
   503 | D        | Reached skill level 9 in Invocations
   503 | D        | Reached XP level 7. HP: 42/63 MP: 10/13
   513 | D        | Killed a manticore
   513 | D        | Reached *** piety under Okawaru
   513 | D        | Reached skill level 8 in Polearms
   513 | D        | Gained mutation: You have a somewhat thin skeletal structure (Dex +2, Stealth). [demonic ancestry]
   513 | D        | Reached XP level 8. HP: 37/70 MP: 11/15
   515 | D        | Killed a killer bee
   515 | D        | Reached skill level 9 in Fighting
   549 | D        | Noticed Erolcha
   561 | D        | Killed Erolcha
   561 | D        | Reached **** piety under Okawaru
   561 | D        | Reached skill level 9 in Polearms
   561 | D        | Reached skill level 7 in Armour
   561 | D        | Reached skill level 9 in Dodging
   561 | D        | Reached skill level 10 in Invocations
   667 | D        | Noticed a water moccasin
   667 | D        | Noticed a four-headed hydra
   667 | D        | Noticed a water moccasin
   667 | D        | Noticed a water moccasin
   667 | D        | Noticed a porcupine
   667 | D        | Noticed a spiny frog
   670 | D        | Killed a spiny frog
   670 | D        | Reached skill level 10 in Fighting
   670 | D        | Reached skill level 8 in Armour
   670 | D        | Gained mutation: You may emit foul miasma when damaged in melee. [demonic ancestry]
   670 | D        | Reached XP level 9. HP: 75/78 MP: 14/17
   672 | D        | Noticed a porcupine
   673 | D        | Noticed a water moccasin
   678 | D        | Killed a porcupine
   689 | D        | HP: 16/78 [nine-headed hydra (11)]
   689 | D        | HP: 4/78 [nine-headed hydra (9)]
   691 | D        | Killed a nine-headed hydra
   691 | D        | Reached ***** piety under Okawaru
   691 | D        | Reached skill level 10 in Polearms
   691 | D        | Reached skill level 10 in Dodging
   691 | D        | Killed a water moccasin
   691 | D        | Reached skill level 9 in Armour
   691 | D        | Killed a water moccasin
   691 | D        | Killed a water moccasin
   694 | D        | Killed a porcupine
   694 | D        | Received a gift from Okawaru
   694 | D        | Reached skill level 11 in Fighting
   700 | D        | Noticed a basilisk
   707 | D        | Killed a water moccasin
   712 | D        | Killed a basilisk
   941 | D        | Noticed a yak
   941 | D        | Noticed a crocodile
   941 | D        | Noticed a water moccasin
   941 | D        | Noticed a giant frog
   941 | D        | Noticed a water moccasin
   944 | D        | Killed a water moccasin
   948 | D        | Noticed a water moccasin
   952 | D        | Noticed a crocodile
   952 | D        | Killed a giant frog
   956 | D        | Killed a water moccasin
   956 | D        | Gained mutation: You have sharp fingernails. [demonic ancestry]
   956 | D        | Reached XP level 10. HP: 88/88 MP: 11/18
   965 | D        | Killed a crocodile
   966 | D        | Noticed a blink frog
   971 | D        | Killed a yak
   975 | D        | Killed a water moccasin
   977 | D        | Killed a crocodile
   988 | D        | Killed a blink frog
   988 | D        | Reached skill level 11 in Dodging
  1015 | D        | Noticed an elephant
  1015 | D        | Noticed an elephant
  1015 | D        | Noticed an elephant
  1015 | D        | Noticed an elephant
  1015 | D        | Noticed a dire elephant
  1015 | D        | Noticed an elephant
  1037 | D        | Killed a dire elephant
  1037 | D        | Reached skill level 12 in Fighting
  1037 | D        | Reached skill level 11 in Polearms
  1037 | D        | Reached skill level 10 in Armour
  1042 | D        | Killed an elephant
  1042 | D        | Received a gift from Okawaru
  1049 | D        | Killed an elephant
  1055 | D        | Killed an elephant
  1058 | D        | Killed an elephant
  1062 | D        | Killed an elephant
  1062 | D        | Reached skill level 11 in Armour
  1062 | D        | Reached skill level 12 in Dodging
  1068 | D        | Noticed an elephant
  1069 | D        | Noticed an elephant
  1073 | D        | Killed an elephant
  1073 | D        | Reached ****** piety under Okawaru
  1073 | D        | Reached skill level 12 in Polearms
  1079 | D        | Killed an elephant
  1079 | D        | Gained mutation: You sometimes gain a little power by taking damage. [demonic ancestry]
  1079 | D        | Reached XP level 11. HP: 56/97 MP: 17/19
  1257 | D        | Noticed Maurice
  1350 | D        | Noticed an orc wizard
  1350 | D        | Noticed an orc priest
  1350 | D        | Noticed an orc wizard
  1350 | D        | Noticed an orc wizard
  1353 | D        | Killed an orc wizard
  1353 | D        | Reached skill level 13 in Fighting
  1354 | D        | Killed an orc wizard
  1357 | D        | Killed an orc priest
  1360 | D        | Killed an orc wizard
  1378 | D        | Noticed an orc priest
  1380 | D        | Noticed an orc priest
  1383 | D        | Killed an orc priest
  1388 | D        | Killed an orc priest
  1493 | D        | Noticed an orc warrior
  1493 | D        | Noticed an orc warrior
  1493 | D        | Noticed an orc warrior
  1493 | D        | Noticed an orc warrior
  1493 | D        | Noticed an orc warrior
  1493 | D        | Noticed an orc warrior
  1506 | D        | Killed an orc warrior
  1508 | D        | Noticed an orc knight
  1508 | D        | Killed an orc warrior
  1510 | D        | Killed an orc warrior
  1511 | D        | Noticed an orc warrior
  1512 | D        | Killed an orc warrior
  1513 | D        | Noticed an orc warrior
  1518 | D        | Noticed an orc knight
  1520 | D        | Killed an orc knight
  1524 | D        | Killed an orc warrior
  1526 | D        | Noticed an orc warrior
  1530 | D        | Killed an orc warrior
  1535 | D        | HP: 22/98 [orc knight/dire flail (3)]
  1537 | D        | Killed an orc knight
  1538 | D        | Slain by an orc warrior

Vault maps used:
D:        linesprint

Action                   |  1- 3 |  4- 6 |  7- 9 | 10-12 || total
-------------------------+-------+-------+-------+-------++-------
Melee: Trident           |    37 |       |       |       ||    37
       Halberd           |     2 |    39 |    72 |    52 ||   165
       Glaive            |       |       |       |   108 ||   108
Invok: Heroism           |       |     2 |     3 |       ||     5
       Finesse           |       |       |     1 |     1 ||     2
Evoke: Wand              |       |       |     7 |       ||     7
  Use: Potion            |     1 |     1 |     1 |     1 ||     4
  Eat: Chunk             |       |       |     1 |     3 ||     4

Vault maps used:
D:        linesprint

Table legend:
 A = Turns spent in this place as a percentage of turns spent in the entire game.
 B = Non-inter-level travel turns spent in this place as a percentage of non-inter-level travel turns spent in the entire game.
 C = Inter-level travel turns spent in this place as a percentage of turns spent in this place.
 D = Turns resting spent in this place as a percentage of non-inter-level travel turns spent in this place.
 E = Turns spent auto-exploring this place as a percentage of non-inter-level travel turns spent in this place.
 F = Non-inter-level travel turns spent in this place divided by the number of levels of this place that you've seen.
                   A       B       C       D       E      F
               +-------+-------+-------+-------+-------+----------------------
         Total | 100.0 | 100.0 |   0.0 |   2.7 |   0.6 | 691.0
       Dungeon | 100.0 | 100.0 |   0.0 |   2.7 |   0.6 | 691.0
               +-------+-------+-------+-------+-------+----------------------

Table legend:
 A = Kills in this place as a percentage of kills in entire the game.
 B = Kills by you in this place as a percentage of kills by you in the entire game.
 C = Kills by friends in this place as a percentage of kills by friends in the entire game.
 D = Other kills in this place as a percentage of other kills in the entire game.
 E = Experience gained in this place as a percentage of experience gained in the entire game.
 F = Experience gained in this place divided by the number of levels of this place that you have seen.
                   A       B       C       D       E      F
               +-------+-------+-------+-------+-------+----------------------
         Total | 100.0 | 100.0 |  -nan |  -nan | 100.0 | 13471.0
       Dungeon | 100.0 | 100.0 |  -nan |  -nan | 100.0 | 13471.0
               +-------+-------+-------+-------+-------+----------------------
